 Dungeon Crawl Stone Soup version 0.22-a0-305-gd21a89c (webtiles) character file.

2058 Amnesiac the Destroyer (level 9, -2/57 HPs)
             Began as a Mummy Conjurer on Mar 31, 2018.
             Was a Believer of Ashenzari.
             Killed from afar by an orc wizard (4 damage)
             ... with a puff of flame
             ... on level 6 of the Dungeon.
             The game lasted 00:14:13 (9686 turns).

Amnesiac the Destroyer (Mummy Conjurer)             Turns: 9686, Time: 00:14:13

Health: -2/57      AC:  8    Str: 11    XL:     9   Next: 5%
Magic:  1/21       EV: 12    Int: 18    God:    Ashenzari [**....]
Gold:   349        SH:  0    Dex: 12    Spells: 20/25 levels left

rFire    x . .     SeeInvis .   k - -2 dagger (curse)
rCold    + . .     Gourm    .   (no shield)
rNeg     + + +     Faith    .   a - +0 robe
rPois    ∞         Spirit   .   (no helmet)
rElec    .         Reflect  .   (no cloak)
rCorr    .         Harm     .   (no gloves)
MR       +....                  e - +0 pair of boots
Stlth    +.........             (no amulet)
HPRegen  0.19/turn              l - +5 ring of protection (curse)
MPRegen  0.17/turn              f - ring of loudness (curse)

@: about to teleport
A: no food or potions, fire vulnerability, cold resistance 1, negative energy
resistance 3, torment resistance, unbreathing
a: Curse Item, Scrying, Renounce Religion


You were on level 6 of the Dungeon.
You worshipped Ashenzari.
Ashenzari was pleased with you.
You were not hungry.

You visited 1 branch of the dungeon, and saw 6 of its levels.

You collected 349 gold pieces.

Inventory:

Hand Weapons
 k - a cursed -2 dagger (weapon)
Armour
 a - a +0 robe (worn)
 e - a +0 pair of boots (worn)
Jewellery
 f - a cursed ring of loudness (right hand)
 l - a cursed +5 ring of protection (left hand)
 m - a +2 ring of intelligence
 o - an uncursed ring of magical power
Wands
 c - a wand of random effects (38)
Scrolls
 b - 3 scrolls of teleportation {!r}
 d - a scroll of enchant weapon {!r}
 g - 2 scrolls of remove curse {!r}
 h - a scroll of magic mapping {!r}
 i - 2 scrolls of identify {!r}


   Skills:
 - Level 1.5 Dodging
 - Level 1.5 Stealth
 + Level 8.8 Spellcasting
 * Level 8.8(10.2) Conjurations


You had 20 spell levels left.
You knew the following spells:

 Your Spells              Type           Power        Failure   Level  Hunger
a - Iskenderun's Mystic   Conj           #####...     1%          4    N/A
d - Magic Dart            Conj           ####         1%          1    N/A

Dungeon Overview and Level Annotations

Branches:
Dungeon (6/15)
 Temple: D:4-7

Altars:
Ashenzari
Trog
Vehumet
Xom

Shops:
D:6 %

Annotations:
D:5 mortelune's ghost, novice DDNe


Innate Abilities, Weirdness & Mutations

You do not eat or drink.
Your flesh is vulnerable to fire.
You are immune to poison.
Your flesh is cold resistant. (rC+)
You are immune to negative energy. (rN+++)
You are immune to unholy pain and torment.
You can survive without breathing.


Message History

You don't have enough magic to cast that spell.
Things that are here:
a +4 dagger; a wand of iceblast (12); an orc corpse
Casting: Iskenderun's Mystic Blast (safe; 1% risk of failure)
Confirm with . or Enter, or press ? or * to list all spells.
You can't see any susceptible monsters within range! (Use Z to cast anyway.)
Casting: Iskenderun's Mystic Blast (safe; 1% risk of failure)
Confirm with . or Enter, or press ? or * to list all spells.
You can't see any susceptible monsters within range! (Use Z to cast anyway.)
Casting: Iskenderun's Mystic Blast (safe; 1% risk of failure)
Confirm with . or Enter, or press ? or * to list all spells.
You can't see any susceptible monsters within range! (Use Z to cast anyway.)
Casting: Iskenderun's Mystic Blast (safe; 1% risk of failure)
Confirm with . or Enter, or press ? or * to list all spells.
You can't see any susceptible monsters within range! (Use Z to cast anyway.)
You hear some strange, mumbled words.
A puff of flame appears from out of thin air!
The puff of flame hits you! The fire burns you terribly!
Casting: Iskenderun's Mystic Blast (safe; 1% risk of failure)
Confirm with . or Enter, or press ? or * to list all spells.
Aiming: Magic Dart (safe; 1% risk of failure)
Press: ? - help, Shift-Dir - straight line The magic dart hits something.
You hear some strange, mumbled words.
A puff of frost appears from out of thin air!
The puff of frost hits you! You resist.
You barely miss something.
Something hits you but does no damage. x2
You closely miss something. Something hits you but does no damage.
You completely miss something. Something hits you.
The orc priest calls down the wrath of Beogh upon you.
Beogh smites you!
* * * LOW HITPOINT WARNING * * *
Casting: Magic Dart (safe; 1% risk of failure)
Confirm with . or Enter, or press ? or * to list all spells.
Aiming: Magic Dart (safe; 1% risk of failure)
Press: ? - help, Shift-Dir - straight line, f - orc priest
Aim: an orc priest, wielding a falchion and wearing a chain mail The magic dart hits something.
The orc priest calls down the wrath of Beogh upon you.
Beogh smites you!
* * * LOW HITPOINT WARNING * * *
You miss something.
You hear some strange, mumbled words.
You barely miss something. Something hits you but does no damage.
Something hits you.
* * * LOW HITPOINT WARNING * * *
You can't drink.
Really read
b - 4 scrolls of teleportation {!r}?
As you read the scroll of teleportation {!r}, it crumbles to dust.
You feel strangely unstable.
You hear some strange, mumbled words.
A puff of frost appears from out of thin air!
The puff of frost hits you! You resist.
* * * LOW HITPOINT WARNING * * *
The orc priest closely misses you.
A magic dart appears from out of thin air!
The magic dart hits you!
* * * LOW HITPOINT WARNING * * *
Something hits you but does no damage. Something hits you but does no damage.
You hear some strange, mumbled words.
A puff of flame appears from out of thin air!
The puff of flame hits you! The fire burns you terribly!
You die...

#..####........####.o......#####
#...#...).#...........#..#..[...
#...........o.######.##..#......
#...###..####......#............
##.......## ######.......∩......
#.).####.# ##.##.#..((.[<..
...## #.# #####..##..###...[..
########.#####...)...##.#
#......
#....).....o{@....##.###......
#.................##..........
#...........................##
#............................#
#.................######.....#
###########.......# #......
######### #....#. #....##
#....##


You could see an orc priest.

Vanquished Creatures
  Pikel (D:5)
  Eustachio (D:6)
  An orc warrior (D:6)
  A sky beast (D:4)
  3 slaves (D:5)
  2 phantoms
  2 ogres
  A centaur (D:5)
  A big kobold (D:4)
  A scorpion (D:6)
  The ghost of CasualChangeling the Skirmisher, a weakling KoFi (D:3)
  A crimson imp (D:6)
  A quasit (D:6)
  A bullfrog zombie (D:6)
  2 hounds
  A jelly (D:4)
  An orc priest (D:5)
  A centaur skeleton (D:4)
  3 iguanas
  2 worker ants (D:4)
  5 orc wizards
  A hound skeleton (D:4)
  4 gnolls (D:4)
  4 adders
  2 shadow imps
  An ooze (D:2)
  4 worms
  6 leopard geckos
  14 orcs
  7 bats
  3 giant cockroaches
  9 goblins
  4 hobgoblins
  5 jackals
  5 kobolds
  A quokka (D:3)
  A ball python (D:1)
  3 frilled lizards
  A jackal zombie (D:6)
  2 leopard gecko skeletons
  12 rats
122 creatures vanquished.

Vanquished Creatures (others)
  A slave (D:6)
  An orc wizard (D:4)
  A centaur skeleton (D:4)
  A shadow imp (D:6)
  A worm (D:4)
  2 orcs (D:4)
7 creatures vanquished.

Grand Total: 129 creatures vanquished

Notes
Turn   | Place    | Note
-------+----------+-------------------------------------------
     0 | D:1      | Amnesiac the Mummy Conjurer began the quest for the Orb.
     0 | D:1      | Reached XP level 1. HP: 13/13 MP: 4/4
   330 | D:1      | Reached XP level 2. HP: 19/19 MP: 1/6
   449 | D:1      | Found a shattered altar of Ashenzari.
   465 | D:1      | Became a worshipper of Ashenzari the Shackled
  1202 | D:2      | Reached XP level 3. HP: 24/24 MP: 1/8
  1297 | D:2      | Found a shimmering altar of Xom.
  1318 | D:2      | Found a shattered altar of Ashenzari.
  2498 | D:3      | Reached XP level 4. HP: 30/30 MP: 5/10
  2504 | D:3      | Learned a level 4 spell: Iskenderun's Mystic Blast
  3048 | D:4      | Noticed an ogre
  3057 | D:5      | Entered Level 5 of the Dungeon
  3063 | D:4      | Noticed a sky beast
  3113 | D:4      | Reached XP level 5. HP: 7/35 MP: 4/11
  3423 | D:4      | Reached * piety under Ashenzari
  3474 | D:4      | Found a radiant altar of Vehumet.
  3715 | D:4      | Reached skill level 5 in Conjurations
  3773 | D:3      | Reached skill level 5 in Spellcasting
  4023 | D:3      | Reached XP level 6. HP: 41/41 MP: 6/13
  4059 | D:3      | Noticed CasualChangeling's ghost (weakling KoFi)
  4305 | D:3      | Noticed a moth of wrath
  4308 | D:3      | Found a bloodstained altar of Trog.
  4601 | D:3      | Killed CasualChangeling's ghost
  5209 | D:4      | Reached XP level 7. HP: 46/46 MP: 4/15
  5627 | D:5      | Noticed mortelune's ghost (novice DDNe)
  7656 | D:6      | Found Vehepu's Food Emporium.
  7718 | D:6      | Noticed Eustachio
  7720 | D:6      | Reached ** piety under Ashenzari
  7858 | D:6      | Reached XP level 8. HP: 41/52 MP: 2/18
  8286 | D:6      | Noticed Pikel
  8658 | D:5      | HP: 1/52 [Pikel/whip of flaming (4)]
  8689 | D:5      | Killed Pikel
  9002 | D:6      | Killed Eustachio
  9483 | D:6      | Reached XP level 9. HP: 57/57 MP: 4/21
  9684 | D:6      | HP: 2/57 [something/magic dart (4)]
  9686 | D:6      | Killed from afar by an orc wizard

Vault maps used:
D:1:      dpeg_arrival_simpleton_a, ashenzari_altar_1
D:2:      lemuel_round_altar, lemuel_doored_altar
D:3:      tgw_trog
D:4:      fiery_altar_vehumet, first_ration, grunt_ministairs_6
D:5:      kennysheep_decorative_pillar
D:6:      serial_shops, shop, abandoned_shop, uniq_eustachio, uniq_pikel

Skill      XL: |  1  2  3  4  5  6  7  8 |
---------------+-------------------------+-----
Spellcasting   | 3 4 5 7 8 |  8.8
Conjurations   | 4 5 7 8 |  8.8
Dodging        | |  1.5
Stealth        | |  1.5

Action                   |  1- 3 |  4- 6 |  7- 9 || total
-------------------------+-------+-------+-------++-------
Melee: Unarmed           |    27 |     2 |       ||    29
       Dagger            |       |    32 |    28 ||    60
 Cast: Magic Dart        |   119 |   140 |    90 ||   349
       Iskenderun's Myst |       |    14 |   108 ||   122
Invok: Curse Item        |       |     1 |       ||     1
  Use: Scroll            |       |     6 |     4 ||    10
Armor: Robe              |    12 |    22 |    63 ||    97
Dodge: Dodged            |    33 |    51 |    87 ||   171

Table legend:
 A = Spawn XP
 B = Non-spawn XP
 C = Spawn XP percentage of total XP
 D = Spawn monster count
 E = Non-spawn monster count
 F = Spawn count percentage of total count
 G = Total turns spent on level
                    A         B        C        D         E        F      G
               +---------+---------+-------+---------+---------+-------+---------
         Total |       0 |    2940 |   0.0 |       0 |     119 |   0.0 |  9686
               +---------+---------+-------+---------+---------+-------+---------
           D:1 |       0 |      38 |   0.0 |       0 |      23 |   0.0 |  1345
           D:2 |       0 |      56 |   0.0 |       0 |      20 |   0.0 |  1242
           D:3 |       0 |     199 |   0.0 |       0 |      25 |   0.0 |  1140
           D:4 |       0 |     839 |   0.0 |       0 |      22 |   0.0 |  3484
           D:5 |       0 |     882 |   0.0 |       0 |      11 |   0.0 |  1485
           D:6 |       0 |     926 |   0.0 |       0 |      18 |   0.0 |   990
               +---------+---------+-------+---------+---------+-------+---------
